TOP OF THE 1ST |
Baltimore Orioles batting - Pitching for Toronto Blue Jays : RHP Michael Fulmer
|
Pitching: RHP Michael Fulmer
|
|
Batting: SHB Dexter Fowler
|
0-0: Called Strike 0-1: Foul Ball, location: 2F 0-2: Foul Ball, location: 2F 0-2: Foul Ball, location: 2F 0-2: Ball 1-2: Ball 2-2: Ground out 4-3 (Groundball, 4MS)
|
Batting: RHB Albert Almora
|
0-0: SINGLE (Groundball, 4MD)
|
Batting: LHB Rafael Devers
|
0-0: Ball 1-0: Called Strike 1-1: Ball 2-1: Swinging Strike 2-2: Strikes out swinging
|
Batting: LHB Shohei Ohtani
|
0-0: Ball 1-0: Swinging Strike 1-1: Ground out U3 (Groundball, 3L)
|
Top of the 1st over - 0 runs, 1 hit, 0 errors, 1 left on base; Baltimore 0 - Toronto 0 |
BOTTOM OF THE 1ST |
Toronto Blue Jays batting - Pitching for Baltimore Orioles : RHP Chance Adams
|
Pitching: RHP Chance Adams
|
|
Batting: LHB Dee Gordon
|
0-0: Called Strike 0-1: SINGLE (Groundball, 15S) (infield hit)
|
Batting: RHB Elvis Andrus
|
0-0: Ball 1-0: Called Strike 1-1: Ball 2-1: Fly out, F8 (Flyball, 8LD)
|
Batting: RHB Andrew McCutchen
|
0-0: Called Strike 0-1: Fly out, F4 (Line Drive, 4)
|
Batting: SHB Josh Bell
|
0-0: Ball Dee Gordon steals 2nd base 1-0: Ball 2-0: Ball 3-0: Called Strike 3-1: Swinging Strike 3-2: Strikes out swinging
|
Bottom of the 1st over - 0 runs, 1 hit, 0 errors, 1 left on base; Baltimore 0 - Toronto 0 |
TOP OF THE 2ND |
Baltimore Orioles batting - Pitching for Toronto Blue Jays : RHP Michael Fulmer
|
Batting: RHB Orlando Arcia
|
0-0: Called Strike 0-1: Ball 1-1: Foul Ball, location: 2F 1-2: Ground out 6-3 (Groundball, 6S)
|
Batting: LHB John Jaso
|
0-0: Called Strike 0-1: Swinging Strike 0-2: Foul Ball, location: 2F 0-2: Fly out, F7 (Flyball, 7S)
|
Batting: LHB Derek Fisher
|
0-0: Called Strike 0-1: Swinging Strike 0-2: Foul Ball, location: 2F 0-2: Strikes out looking
|
Top of the 2nd over - 0 runs, 0 hits, 0 errors, 0 left on base; Baltimore 0 - Toronto 0 |
BOTTOM OF THE 2ND |
Toronto Blue Jays batting - Pitching for Baltimore Orioles : RHP Chance Adams
|
Batting: LHB Carlos Gonzalez
|
0-0: Ball 1-0: Foul Ball, location: 2F 1-1: Ground out 4-3 (Groundball, 34D)
|
Batting: RHB Nicholas Castellanos
|
0-0: Ground out 5-3 (Groundball, 56)
|
Batting: RHB Jorge Soler
|
0-0: Called Strike 0-1: Ball 1-1: Swinging Strike 1-2: Strikes out swinging
|
Bottom of the 2nd over - 0 runs, 0 hits, 0 errors, 0 left on base; Baltimore 0 - Toronto 0 |
TOP OF THE 3RD |
Baltimore Orioles batting - Pitching for Toronto Blue Jays : RHP Michael Fulmer
|
Batting: LHB Stephen Vogt
|
0-0: Ball 1-0: Called Strike 1-1: Ball 2-1: DOUBLE (Groundball, 3L)
|
Batting: SHB Jose Reyes
|
0-0: Ball 1-0: Ball 2-0: Ball 3-0: Base on Balls
|
Batting: SHB Dexter Fowler
|
0-0: Fly out, F6 (Flyball, 56D)
|
Batting: RHB Albert Almora
|
0-0: Ball 1-0: Foul Ball, location: 2F 1-1: Foul Ball, location: 2F 1-2: Ball 2-2: Fly out, F7 (Flyball, 78S)
|
Batting: LHB Rafael Devers
|
0-0: Ball 1-0: Fly out, F9 (Flyball, 9)
|
Top of the 3rd over - 0 runs, 1 hit, 0 errors, 2 left on base; Baltimore 0 - Toronto 0 |
BOTTOM OF THE 3RD |
Toronto Blue Jays batting - Pitching for Baltimore Orioles : RHP Chance Adams
|
Batting: RHB Keon Broxton
|
0-0: Fly out, F7 (Flyball, 7S)
|
Batting: RHB Austin Hedges
|
0-0: SINGLE (Groundball, 6D)
|
Batting: LHB Dee Gordon
|
0-0: Foul Ball, location: 2F 0-1: SINGLE (Line Drive, 4MD) Austin Hedges to second
|
Batting: RHB Elvis Andrus
|
0-0: Called Strike 0-1: Called Strike 0-2: Strikes out swinging
|
Batting: RHB Andrew McCutchen
|
0-0: Foul Ball, location: 2F 0-1: Called Strike 0-2: Ball 1-2: Foul Ball, location: 2F 1-2: Strikes out swinging
|
Bottom of the 3rd over - 0 runs, 2 hits, 0 errors, 2 left on base; Baltimore 0 - Toronto 0 |
TOP OF THE 4TH |
Baltimore Orioles batting - Pitching for Toronto Blue Jays : RHP Michael Fulmer
|
Batting: LHB Shohei Ohtani
|
0-0: Called Strike 0-1: DOUBLE (Flyball, 78D)
|
Batting: RHB Orlando Arcia
|
0-0: SINGLE (Flyball, 78S) Shohei Ohtani to third
|
Batting: LHB John Jaso
|
0-0: Called Strike 0-1: Single, Error in OF, E9, batter to second base (Groundball, 34D) Shohei Ohtani scores Orlando Arcia to third
|
Batting: LHB Derek Fisher
|
0-0: Called Strike 0-1: Foul Ball, location: 2F 0-2: Ball 1-2: Strikes out swinging
|
Batting: LHB Stephen Vogt
|
0-0: Foul Ball, location: 2F 0-1: Foul Ball, location: 2F 0-2: Fly out, F8 (Flyball, 8LM) Runner from 3rd tags up, SCORES, throw by CF
|
Batting: SHB Jose Reyes
|
0-0: Ball 1-0: Called Strike 1-1: Called Strike 1-2: Strikes out looking
|
Top of the 4th over - 2 runs, 3 hits, 1 error, 1 left on base; Baltimore 2 - Toronto 0 |
BOTTOM OF THE 4TH |
Toronto Blue Jays batting - Pitching for Baltimore Orioles : RHP Chance Adams
|
Batting: SHB Josh Bell
|
0-0: Ball 1-0: Foul Ball, location: 2F 1-1: Fly out, F8 (Flyball, 8RXD)
|
Batting: LHB Carlos Gonzalez
|
0-0: SOLO HOME RUN (Flyball, 89XD), Distance : 395 ft
|
Batting: RHB Nicholas Castellanos
|
0-0: DOUBLE (Flyball, 89XD)
|
Batting: RHB Jorge Soler
|
0-0: Foul Ball, location: 2F 0-1: Ball 1-1: Called Strike 1-2: Ball 2-2: Fly out, F3 (Popup, 34S)
|
Batting: RHB Keon Broxton
|
0-0: Ball 1-0: Swinging Strike 1-1: Ball 2-1: DOUBLE (Flyball, 8LXD) Nicholas Castellanos scores
|
Batting: RHB Austin Hedges
|
0-0: Called Strike 0-1: Ball 1-1: Ball 2-1: Ball 3-1: Base on Balls
|
Batting: LHB Dee Gordon
|
0-0: Ball 1-0: Foul Ball, location: 2F 1-1: Ball 2-1: Ball 3-1: Ground out 4-3 (Groundball, 4)
|
Bottom of the 4th over - 2 runs, 3 hits, 0 errors, 2 left on base; Baltimore 2 - Toronto 2 |
TOP OF THE 5TH |
Baltimore Orioles batting - Pitching for Toronto Blue Jays : RHP Michael Fulmer
|
Batting: SHB Dexter Fowler
|
0-0: Called Strike 0-1: Called Strike 0-2: Ball 1-2: Foul Ball, location: 2F 1-2: Ball 2-2: Ground out 4-3 (Groundball, 4)
|
Batting: RHB Albert Almora
|
0-0: Called Strike 0-1: SINGLE (Groundball, 4MD)
|
Batting: LHB Rafael Devers
|
0-0: Called Strike 0-1: Ball 1-1: Ball 2-1: Called Strike 2-2: Ball 3-2: Base on Balls Albert Almora to second
|
Batting: LHB Shohei Ohtani
|
0-0: Ball 1-0: Grounds into double play, 6-4-3 (Groundball, 6MS)
|
Top of the 5th over - 0 runs, 1 hit, 0 errors, 1 left on base; Baltimore 2 - Toronto 2 |
BOTTOM OF THE 5TH |
Toronto Blue Jays batting - Pitching for Baltimore Orioles : RHP Chance Adams
|
Batting: RHB Elvis Andrus
|
0-0: Ball 1-0: Called Strike 1-1: Reached on error, E3 (Groundball, 23)
|
Batting: RHB Andrew McCutchen
|
0-0: Ball 1-0: Foul Ball, location: 2F 1-1: Ground out 5-3 (Groundball, 56S)
|
Batting: SHB Josh Bell
|
0-0: Ball 1-0: Ball 2-0: Ball 3-0: Called Strike 3-1: Base on Balls
|
Batting: LHB Carlos Gonzalez
|
0-0: Called Strike 0-1: Ball 1-1: Foul Ball, location: 2F 1-2: Strikes out looking
|
Batting: RHB Nicholas Castellanos
|
0-0: Ball 1-0: Foul Ball, location: 2F 1-1: Ball 2-1: Foul Ball, location: 2F 2-2: Foul Ball, location: 2F 2-2: Foul Ball, location: 2F 2-2: Foul Ball, location: 2F 2-2: Ball 3-2: Foul Ball, location: 2F 3-2: Ground out 5-3 (Groundball, 56)
|
Bottom of the 5th over - 0 runs, 0 hits, 1 error, 2 left on base; Baltimore 2 - Toronto 2 |
TOP OF THE 6TH |
Baltimore Orioles batting - Pitching for Toronto Blue Jays : RHP Michael Fulmer
|
Batting: RHB Orlando Arcia
|
0-0: Called Strike 0-1: Ball 1-1: SOLO HOME RUN (Flyball, 89XD), Distance : 384 ft
|
Batting: LHB John Jaso
|
0-0: Foul Ball, location: 2F 0-1: Ball 1-1: Fly out, F9 (Flyball, 9LS)
|
Batting: LHB Derek Fisher
|
0-0: Ball 1-0: Ball 2-0: DOUBLE (Groundball, 5L)
|
Batting: LHB Stephen Vogt
|
0-0: Ball 1-0: Ball 2-0: Ball 3-0: Called Strike 3-1: Fly out, F9 (Flyball, 9LM) Runner from 2nd tags up, SAFE at 3rd, no throw by RF
|
Batting: SHB Jose Reyes
|
0-0: Fly out, F7 (Flyball, 7LS)
|
Top of the 6th over - 1 run, 2 hits, 0 errors, 1 left on base; Baltimore 3 - Toronto 2 |
BOTTOM OF THE 6TH |
Toronto Blue Jays batting - Pitching for Baltimore Orioles : RHP Chance Adams
|
Pitching: RHP Jimmie Sherfy
|
|
Batting: RHB Jorge Soler
|
0-0: Ground out 5-3 (Groundball, 5L)
|
Batting: RHB Keon Broxton
|
0-0: Hit by Pitch
|
Batting: RHB Austin Hedges
|
0-0: Ball 1-0: Called Strike 1-1: Swinging Strike 1-2: Foul Ball, location: 2F 1-2: Ball 2-2: Strikes out swinging
|
Batting: LHB Dee Gordon
|
0-0: Ball 1-0: Foul Ball, location: 2F 1-1: Ground out 6-3 (Groundball, 6S)
|
Bottom of the 6th over - 0 runs, 0 hits, 0 errors, 1 left on base; Baltimore 3 - Toronto 2 |
TOP OF THE 7TH |
Baltimore Orioles batting - Pitching for Toronto Blue Jays : RHP Michael Fulmer
|
Pitching: LHP Jake Diekman
|
|
Batting: SHB Dexter Fowler
|
0-0: Swinging Strike 0-1: SINGLE (Groundball, 34D)
|
Pitching: RHP Emilio Pagan
|
|
Pinch Hitting: LHB Curtis Granderson
|
0-0: Called Strike 0-1: Ball 1-1: Foul Ball, location: 2F 1-2: SINGLE (Line Drive, 89S) Dexter Fowler to second Runner from 2nd tries for 3rd, SAFE, throw by RF made to third
|
Batting: LHB Rafael Devers
|
0-0: Ball 1-0: Swinging Strike 1-1: Foul Ball, location: 2F 1-2: SINGLE (Line Drive, 7LS) Dexter Fowler scores Curtis Granderson to second
|
Batting: LHB Shohei Ohtani
|
0-0: Called Strike 0-1: Called Strike 0-2: Ball 1-2: Strikes out swinging
|
Batting: RHB Orlando Arcia
|
0-0: Ball 1-0: Ball 2-0: Called Strike 2-1: Foul Ball, location: 2F 2-2: Foul Ball, location: 2F 2-2: Strikes out swinging
|
Batting: LHB John Jaso
|
0-0: Fielders Choice at 2nd, 6-4 (Groundball, 56)
|
Top of the 7th over - 1 run, 3 hits, 0 errors, 2 left on base; Baltimore 4 - Toronto 2 |
BOTTOM OF THE 7TH |
Toronto Blue Jays batting - Pitching for Baltimore Orioles : RHP Jimmie Sherfy
|
Now in RF: Curtis Granderson
|
|
Batting: RHB Elvis Andrus
|
0-0: Ground out 5-3 (Groundball, 56S)
|
Batting: RHB Andrew McCutchen
|
0-0: Ball 1-0: Called Strike 1-1: Foul Ball, location: 2F 1-2: Fly out, F8 (Flyball, 8RM)
|
Batting: SHB Josh Bell
|
0-0: Ball 1-0: Fly out, F9 (Line Drive, 9)
|
Bottom of the 7th over - 0 runs, 0 hits, 0 errors, 0 left on base; Baltimore 4 - Toronto 2 |
TOP OF THE 8TH |
Baltimore Orioles batting - Pitching for Toronto Blue Jays : RHP Emilio Pagan
|
Pitching: RHP Dellin Betances
|
|
Batting: LHB Derek Fisher
|
0-0: Ball 1-0: Ball 2-0: Ball 3-0: Called Strike 3-1: Swinging Strike 3-2: Base on Balls
|
Batting: LHB Stephen Vogt
|
0-0: Foul Ball, location: 2F 0-1: Grounds into double play, 4-5-3 (Groundball, 34)
|
Batting: SHB Jose Reyes
|
0-0: Ball 1-0: Ball 2-0: Called Strike 2-1: Fly out, F8 (Flyball, 8RXD)
|
Top of the 8th over - 0 runs, 0 hits, 0 errors, 0 left on base; Baltimore 4 - Toronto 2 |
BOTTOM OF THE 8TH |
Toronto Blue Jays batting - Pitching for Baltimore Orioles : RHP Jimmie Sherfy
|
Pitching: LHP Justin Wilson
|
|
Batting: LHB Carlos Gonzalez
|
0-0: Ball 1-0: Foul Ball, location: 2F 1-1: Ground out 4-3 (Groundball, 4)
|
Batting: RHB Nicholas Castellanos
|
0-0: Ball 1-0: Foul Ball, location: 2F 1-1: Foul Ball, location: 2F 1-2: Ball 2-2: Ball 3-2: Foul Ball, location: 2F 3-2: Base on Balls
|
Batting: RHB Jorge Soler
|
0-0: Called Strike 0-1: Foul Ball, location: 2F 0-2: Ball 1-2: Fielders Choice at 2nd, 1-6 (Groundball, P)
|
Batting: RHB Keon Broxton
|
0-0: Ball 1-0: Fielders Choice at 2nd, 6-4 (Groundball, 6)
|
Bottom of the 8th over - 0 runs, 0 hits, 0 errors, 1 left on base; Baltimore 4 - Toronto 2 |
TOP OF THE 9TH |
Baltimore Orioles batting - Pitching for Toronto Blue Jays : RHP Dellin Betances
|
Pitching: RHP Trevor Rosenthal
|
|
Batting: SHB Dexter Fowler
|
0-0: Ball 1-0: Ball 2-0: Called Strike 2-1: Swinging Strike 2-2: Ball 3-2: Foul Ball, location: 2F 3-2: Strikes out swinging
|
Batting: LHB Curtis Granderson
|
0-0: Ball 1-0: Foul Ball, location: 2F 1-1: Foul Ball, location: 2F 1-2: Ball 2-2: Strikes out looking
|
Batting: LHB Rafael Devers
|
0-0: Called Strike 0-1: Called Strike 0-2: Ground out 1-3 (Groundball, 13)
|
Top of the 9th over - 0 runs, 0 hits, 0 errors, 0 left on base; Baltimore 4 - Toronto 2 |
BOTTOM OF THE 9TH |
Toronto Blue Jays batting - Pitching for Baltimore Orioles : LHP Justin Wilson
|
Pitching: RHP Joe Jimenez
|
|
Now at SS: Brendan Ryan
|
|
Batting: RHB Austin Hedges
|
0-0: Fly out, F7 (Flyball, 7S)
|
Batting: LHB Dee Gordon
|
0-0: Ball 1-0: Foul Ball, location: 2F 1-1: Ball 2-1: Swinging Strike 2-2: Strikes out swinging
|
Batting: RHB Elvis Andrus
|
0-0: Ball 1-0: Foul Ball, location: 2F 1-1: Foul Ball, location: 2F 1-2: SINGLE (Line Drive, 6MD)
|
Batting: RHB Andrew McCutchen
|
0-0: Ball 1-0: Fly out, F7 (Flyball, 78M)
|
Bottom of the 9th over - 0 runs, 1 hit, 0 errors, 1 left on base; Baltimore 4 - Toronto 2 |
|